 Dungeon Crawl Stone Soup version 0.30.1-11-g7821555f0a (webtiles) character file.

Game seed: 7256453145132148645

10176 lonewolfV2 the Blocker (level 11, 0/89 HPs)
             Began as a Formicid Fighter on Nov 14, 2023.
             Was a Believer of Qazlal.
             Killed from afar by a deep elf pyromancer (9 damage)
             ... with a bolt of acid
             ... on level 10 of the Dungeon.
             The game lasted 00:17:14 (11414 turns).

lonewolfV2 the Blocker (Formicid Fighter)          Turns: 11414, Time: 00:17:15

Health: 0/89       AC: 14    Str: 32    XL:     11   Next: 88%
Magic:  11/11      EV:  9    Int: 10    God:    Qazlal [**....]
Gold:   409        SH: 12    Dex: 15    Spells: 10/10 levels left

rFire   + . .        b - +4 long sword of Harmony {drain, Fragile rPois Str+9 Int-3}
rCold   . . .        c - +2 buckler
rNeg    . . .        p - +5 chain mail of Qazlal's Hatred {rPois rF+ Int+5}
rPois   +            (helmet unavailable)
rElec   .            (no cloak)
rCorr   .            F - +0 pair of gloves
SInv    +            (no boots)
Will    +....        (no amulet) Stlth
                     e - +4 ring of protection
HPRegen 0.34/turn    y - ring of poison resistance
MPRegen 0.12/turn

%: no passive effects
@: on fire, spiked, corroded, glowing
A: permanent stasis, dig shafts and tunnels, antennae 3, four strong arms
a: Dig, Shaft Self, Renounce Religion, Upheaval


You were on level 10 of the Dungeon.
You worshipped Qazlal.
Qazlal was pleased with you.
You visited 2 branches of the dungeon, and saw 12 of its levels.

You collected 613 gold pieces.
You spent 204 gold pieces at shops.

Inventory:

Hand Weapons
 a - a +8 war axe
 b - the +4 long sword of Harmony (weapon) {drain, Fragile rPois Str+9 Int-3}
   (You bought it in a shop on level 6 of the Dungeon)

   Str:       It affects your strength (+9).
   Int:       It affects your intelligence (-3).
   rPois:     It protects you from poison.
   Fragile:   It will be destroyed if unequipped.
 u - the +10 falchion of Dankoff {freeze, rC- Int+4}
   (You took it off an orc on level 5 of the Dungeon)

   Int:       It affects your intelligence (+4).
   rC:        It makes you vulnerable to cold.
Armour
 c - a +2 buckler (worn)
 p - the +5 chain mail of Qazlal's Hatred (worn) {rPois rF+ Int+5}
   (You found it on level 5 of the Dungeon)

   Int:       It affects your intelligence (+5).
   rF:        It protects you from fire.
   rPois:     It protects you from poison.
 F - a +0 pair of gloves (worn)
Jewellery
 e - a +4 ring of protection (left hand)
 s - a ring of willpower
 y - a ring of poison resistance (right hand)
 D - a ring of magical power
Wands
 v - a wand of acid (4)
 w - a wand of flame (3)
 C - a wand of polymorph (5)
Scrolls
 o - a scroll of fog
 r - 2 scrolls of noise
 t - 2 scrolls of amnesia
 x - a scroll of poison
 E - a scroll of fear
Potions
 d - a potion of might
 f - a potion of flight
 g - 2 potions of curing
 h - 2 potions of brilliance
 i - 4 potions of resistance
 j - a potion of mutation
 l - 5 potions of degeneration
 m - 4 potions of attraction {unknown}
 n - a potion of invisibility
 q - 4 potions of lignification
 z - 2 potions of cancellation {unknown}
 A - 2 potions of magic
 G - a potion of ambrosia {unknown}


   Skills:
 - Level 9.0 Fighting
 - Level 10.2 Long Blades
 - Level 2.0 Axes
 - Level 10.1 Armour
 + Level 10.6 Shields
 * Level 5.8 Evocations


You had 10 spell levels left.
You didn't know any spells.
Your spell library contained the following spells:

 Spells                   Type           Power      Damage    Failure   Level
 Apportation              Tloc           0%         N/A       77%         1
 Necrotise                Necr           0%         1d4       77%         1
 Sandblast                Erth           0%         2d4       77%         1
 Summon Small Mammal      Summ           0%         N/A       77%         1
 Passwall                 Tmut/Erth      0%         N/A       88%         2
 Poisonous Vapours        Pois/Air       0%         N/A       88%         2
 Inner Flame              Hex/Fire       0%         N/A       98%         3
 Mephitic Cloud           Conj/Pois/Air  0%         N/A       98%         3
 Stone Arrow              Conj/Erth      0%         3d7       98%         3
 Vampiric Draining        Necr           0%         2d6       98%         3
 Agony                    Necr           0%         N/A       100%        5
 Freezing Cloud           Conj/Ice/Air   0%         6-21      100%        5
 Yara's Violent Unravell  Hex/Tmut       0%         3d3       100%        5
 Enfeeble                 Hex            0%         N/A       100%        7


Dungeon Overview and Level Annotations

Branches:
Dungeon (11/15)            Temple (1/1) D:7            Lair (0/5) D:9
    Orc (0/2) D:10

Altars:
Ashenzari
Cheibriados
Dithmenos
Elyvilon
Fedhas
Gozag
Hepliaklqana
Kikubaaqudgha
Makhleb
Okawaru
Qazlal
Ru
Sif Muna
Trog
Vehumet
Wu Jian
Xom
Zin
The Shining One

Shops:
D:1 *(!   D:6 (

Annotations:
D:6 3 runed translucent doors, ChrisAssaf's ghost, novice GnVM; Kranky's ghost, amateur MiFi; middlethird's ghost, novice VSEE; mrw3rdna's ghost, novice SpVM
D:11 2 runed translucent doors, Esekla's ghost, journeyman DEWn


Innate Abilities, Weirdness & Mutations

You cannot be hasted, slowed, berserked, paralysed or teleported.
You can dig through walls and to a lower floor.
You have a pair of large antennae on your head. (SInv)
Your four strong arms can wield two-handed weapons with a shield.


Message History

Press: ? - help, Q - select action, (/) - cycle Shift-Dir - straight line, f - deep elf pyromancer
Aim: a deep elf pyromancer, wielding a +0 long sword and carrying a wand of acid (4) (64% to hit)
The bolt of acid hits the deep elf pyromancer!!
The acid corrodes the deep elf pyromancer!
The deep elf pyromancer is heavily wounded.
The deep elf pyromancer mumbles some strange words.
Things that are here:
a +0 club; 4 stones The deep elf pyromancer zaps a wand.
The bolt of acid hits you! The acid corrodes you!
You closely miss the deep elf pyromancer.
The deep elf pyromancer is heavily wounded.
A manticore comes into view.
The deep elf pyromancer hits you with a +0 long sword!
You closely miss the deep elf pyromancer.
The deep elf pyromancer is heavily wounded.
The fire elemental closely misses you.
The deep elf pyromancer hits you with a +0 long sword.
You barely miss the deep elf pyromancer.
The deep elf pyromancer is moderately wounded.
You block the fire elemental's attack.
You block the deep elf pyromancer's attack.
You hit the deep elf pyromancer.
The deep elf pyromancer is heavily wounded.
You block the fire elemental's attack.
The deep elf pyromancer points at you and mumbles some strange words.
The sticky flame hits you but does no damage.
You are covered in liquid flames!
The fire elemental hits you. The fire elemental burns you! You resist.
You hit the deep elf pyromancer. You drain the deep elf pyromancer.
The deep elf pyromancer is severely wounded.
You are covered in liquid flames!
The fire elemental hits you. The fire elemental burns you! You resist.
* * * LOW HITPOINT WARNING * * *
The manticore flicks its tail.
The volley of spikes hits you!
The barbed spikes become lodged in your body.
* * * LOW HITPOINT WARNING * * *
The deep elf pyromancer zaps a wand.
The bolt of acid hits you!
You die...

#...# .........### #........
.................... #........
...................[ #........
................... #.......
....>....K.......°#####.....#
............#.........#.....#
............#.HEe○..........#
.....K......#...@...........#
)).....KK)..#...§.#...#.....#
).)....§O...#.))..#...#.....#
....c.z))§).#.....#...#.....#
..#.yo.§#...#..)..#...#.....#
..#..o..#...#.....#...#.....#..
..#.>...#o..#.....#...#.....#..
###.#####...#.....#............
...#.......#.....#...{........


You could see a manticore, a deep elf pyromancer (corroded, drained) and a fire
elemental (summoned).

Vanquished Creatures
  An entropy weaver (shapeshifter) (D:11)
  A two-headed ogre (D:10)
  A skeletal warrior (D:10)
  Pikel (D:9)
  Joseph (D:9)
  Psyche (D:8)
  An unseen horror (D:10)
  Maggie (D:9)
  2 hornets
  A polar bear (D:8)
  A wyvern (D:8)
  Eustachio (D:6)
  A warg (D:10)
  2 acid dragons (D:9)
  2 sky beasts (D:7)
  3 ice beasts
  2 orc warriors
  2 black bears
  2 ogres
  5 wolves (D:8)
  5 centaurs
  A phantom (D:6)
  2 kobold brigands (D:8)
  2 bullfrogs
  A gnoll sergeant (D:8)
  4 wights (D:8)
  13 killer bees
  5 electric eels
  2 hounds
  2 jellies
  5 orc priests
  A gnoll bouda (D:7)
  7 iguanas
  3 sleepcaps
  12 orc wizards
  9 gnolls
  7 adders
  2 white imps
  2 howler monkey simulacra (D:8)
  An adder skeleton (D:2)
  2 dart slugs
  A worm (D:2)
  32 orcs
  A bat (D:1)
  7 endoplasms
  A giant cockroach (D:4)
  11 hobgoblins
  7 jackals
  5 quokkas
  12 ball pythons
  4 goblins
  21 kobolds
  A quokka skeleton (D:2)
  7 rats
230 creatures vanquished.

Vanquished Creatures (collateral kills)
  A centaur warrior (D:10)
  2 kobold demonologists (D:10)
  A wraith (D:10)
4 creatures vanquished.

Vanquished Creatures (others)
  2 unseen horrors (D:10)
2 creatures vanquished.

Grand Total: 236 creatures vanquished

Notes
Turn   | Place    | Note
-------+----------+-------------------------------------------
     0 | D:1      | lonewolfV2 the Formicid Fighter began the quest for the
                  | Orb.
     0 | D:1      | Reached XP level 1. HP: 18/18 MP: 1/1
   281 | D:1      | Reached XP level 2. HP: 24/24 MP: 2/2
   508 | D:1      | Found Raibeck's General Store.
   659 | D:1      | Found Sikaux's Antique Weapon Shoppe.
   702 | D:1      | Reached XP level 3. HP: 27/30 MP: 3/3
   794 | D:1      | Found Faugo Car's Distillery.
  1221 | D:2      | Reached XP level 4. HP: 10/37 MP: 4/4
  1753 | D:2      | Found a hazy altar of Hepliaklqana.
  1762 | D:2      | Identified the +2 ring mail of the Circus Animal {rN+ Will+
                  | rCorr}
  1786 | D:2      | Reached XP level 5. HP: 30/43 MP: 5/5
  1967 | D:2      | Found a faded altar of an unknown god.
  2196 | D:3      | Found a radiant altar of Vehumet.
  2436 | D:3      | Reached skill level 5 in Armour
  2462 | D:3      | Reached skill level 5 in Fighting
  2895 | D:3      | Reached XP level 6. HP: 45/51 MP: 6/6
  3660 | D:4      | Found a shimmering altar of Xom.
  3797 | D:5      | Entered Level 5 of the Dungeon
  3819 | D:5      | Identified the +5 chain mail of Qazlal's Hatred {rPois rF+
                  | Int+5}
  3916 | D:5      | Noticed an ogre
  3919 | D:5      | Noticed a black bear
  3923 | D:5      | Reached XP level 7. HP: 46/58 MP: 7/7
  4194 | D:5      | Identified the +10 falchion of Dankoff {freeze, rC- Int+4}
  4288 | D:5      | Reached XP level 8. HP: 67/67 MP: 8/8
  4427 | D:6      | Found Bonadir's Antique Weapon Boutique.
  4484 | D:6      | Bought a jewelled long sword for 204 gold pieces
  4484 | D:6      | Identified the +4 long sword of Harmony {drain, Fragile
                  | rPois Str+9 Int-3} (You bought it in a shop on level 6 of
                  | the Dungeon)
  4529 | D:6      | Found a shimmering blue altar of Sif Muna.
  4569 | D:6      | Noticed Eustachio
  4581 | D:6      | Killed Eustachio
  4655 | D:6      | Found a runed translucent gate.
  4656 | D:6      | Found a runed translucent gate.
  4656 | D:6      | Found a runed translucent gate.
  4662 | D:6      | Noticed Kranky's ghost (amateur MiFi)
  4662 | D:6      | Noticed ChrisAssaf's ghost (novice GnVM)
  4662 | D:6      | Noticed middlethird's ghost (novice VSEE)
  4662 | D:6      | Noticed mrw3rdna's ghost (novice SpVM)
  4864 | D:6      | Found a broken altar of Ashenzari.
  4935 | D:6      | Found a glowing golden altar of the Shining One.
  4936 | D:6      | Found a white marble altar of Elyvilon.
  4936 | D:6      | Found a glowing silver altar of Zin.
  5072 | D:6      | HP: 1/69 [electric eel/bolt of electricity (12)]
  5583 | D:7      | Found a staircase to the Ecumenical Temple.
  5636 | D:7      | Reached XP level 9. HP: 39/75 MP: 9/9
  5804 | D:7      | Reached skill level 1 in Long Blades
  6552 | Temple   | Entered the Ecumenical Temple
  6629 | Temple   | Became a worshipper of Qazlal Stormbringer
  7360 | D:8      | Noticed Psyche
  7383 | D:8      | Killed Psyche
  7384 | D:8      | Reached skill level 5 in Long Blades
  7384 | D:8      | Reached skill level 10 in Armour
  7394 | D:8      | Reached XP level 10. HP: 63/83 MP: 10/10
  7537 | D:8      | Reached * piety under Qazlal
  7543 | D:8      | Reached skill level 5 in Shields
  8252 | D:8      | Found a burning altar of Makhleb.
  8490 | D:8      | Found a blossoming altar of Fedhas.
  8755 | D:9      | Found a bloodstained altar of Trog.
  8884 | D:9      | Found a staircase to the Lair.
  8959 | D:9      | Noticed Pikel
  8970 | D:9      | Killed Pikel
  9267 | D:9      | Noticed Joseph
  9267 | D:9      | Noticed Maggie
  9282 | D:9      | Killed Maggie
  9283 | D:9      | Reached XP level 11. HP: 63/89 MP: 11/11
  9297 | D:9      | Killed Joseph
 10269 | D:10     | Entered Level 10 of the Dungeon
 10354 | D:10     | Found a staircase to the Orcish Mines.
 10396 | D:10     | Noticed a two-headed ogre
 10405 | D:10     | Killed a two-headed ogre
 10406 | D:10     | Reached skill level 10 in Long Blades
 10670 | D:10     | Noticed a centaur warrior
 10671 | D:10     | Reached skill level 1 in Evocations
 10673 | D:10     | Noticed a centaur warrior
 10677 | D:10     | Noticed an entropy weaver
 10684 | D:10     | Noticed a two-headed ogre
 10686 | D:10     | Noticed a deep elf pyromancer
 10686 | D:10     | Noticed a boulder beetle
 10689 | D:10     | Killed a centaur warrior
 10690 | D:10     | Noticed a skeletal warrior
 10693 | D:10     | Reached skill level 10 in Shields
 10698 | D:10     | Noticed a skeletal warrior
 10698 | D:10     | Reached ** piety under Qazlal
 10699 | D:10     | HP: 4/89 [poisoned by a kobold brigand]
 10699 | D:10     | Noticed a cyan ugly thing
 10700 | D:11     | Noticed Esekla's ghost (journeyman DEWn)
 10700 | D:11     | Noticed a storm dragon
 10700 | D:11     | Found a runed translucent gate.
 10700 | D:11     | Found a runed translucent gate.
 10705 | D:11     | Noticed a cyclops
 10710 | D:11     | Killed an entropy weaver
 11008 | D:11     | Reached skill level 5 in Evocations
 11272 | D:10     | Found an opulent altar of Gozag.
 11272 | D:10     | Found an ancient bone altar of Kikubaaqudgha.
 11331 | D:10     | Killed a skeletal warrior
 11410 | D:10     | Noticed a manticore
 11414 | D:10     | Killed from afar by a deep elf pyromancer

Illustrated notes

Levels and vault maps discovered:
D:1:      heliophobic_arrival_dark_side_of_the_moon, layout_loops_corners,
          serial_shops, nicolae_shop_overgrown_old_shop, shop, shop_fountains,
          minmay_stone_trees_medium, minmay_box_of_dots
D:2:      layout_rooms, shapermc_ecumenical_altar_petra, serial_undead,
          serial_undead_e, serial_undead_f, serial_undead_c, serial_undead_e,
          basic_altar
D:3:      layout_basic, lemuel_tele_altar
D:4:      layout_rooms, mainiacjoe_overflow_small_starburst,
          chequers_serial_rivers_small_a
D:5:      layout_rooms, st_stairs_6
D:6:      layout_rooms, dreamdust_divine_triumvirate,
          mainiacjoe_overflow_tiny_flanked, nicolae_ashenzari_skybound,
          gammafunk_ghost_cemetery, serial_shops, shop,
          minmay_misc_feat_columns, minmay_door_square, serial_bayou_lagoon_a,
          minmay_crystal_water, corexii_leaking_fountain, uniq_eustachio
D:7:      layout_loops_ring, minmay_temple_entry_mist, serial_bayou_lake_a
D:8:      layout_basic, mainiacjoe_overflow_concentric_impassable,
          kennysheep_mini_moat, serial_ice, serial_ice_o, serial_ice_l,
          serial_ice_g, serial_ice_e, dk_vineyard_1, uniq_psyche
D:9:      layout_grid_maze, mainiacjoe_overflow_alcove_1, lair_entry_dummy,
          minmay_misc_feat_five, bh_walls_and_bars, uniq_pikel, uniq_joseph,
          uniq_maggie
D:10:     layout_grid_maze, grunt_temple_overflow_open, david_orc_3,
          minivault_28
D:11:     lemuel_flame_loot_2, layout_rooms, gammafunk_ghost_split,
          minmay_shattered_shrine
Temple:   hellmonk_temple_beads

Skill      XL: |  1  2  3  4  5  6  7  8  9 10 11 |
---------------+----------------------------------+-----
Fighting       | 4 5 6 7 8 9 |  9.0
Armour         | 4 5 6 7 8 10 | 10.1
Long Blades    | 5 9 10 | 10.2
Shields        | 7 10 | 10.6
Evocations     | 5 |  5.8
Axes           | |  2.0

Action                     |  1- 3 |  4- 6 |  7- 9 | 10-12 || total
---------------------------+-------+-------+-------+-------++-------
  Melee: War axe           |    87 |   207 |    23 |       ||   317
         Falchion          |       |       |    86 |       ||    86
         Long sword        |       |       |   109 |   301 ||   410
  Evoke: Wand              |       |       |     5 |     3 ||     8
    Use: Scroll            |     4 |    10 |     9 |     7 ||    30
         Potion            |       |       |     2 |     6 ||     8
 Armour: Scale mail        |    45 |    91 |       |       ||   136
         Chain mail        |       |    19 |   151 |   261 ||   431
  Dodge: Dodged            |    47 |   108 |    99 |   176 ||   430
  Block: Buckler           |    30 |    76 |    70 |   258 ||   434
